 Dungeon Crawl Stone Soup version 0.30-a0-652-gcc886f7154 (webtiles) character file.

Game seed: 16621964955877736284

44 PyroL the Digger (level 3, -4/19 HPs)
             Began as a Gargoyle Earth Elementalist on Jan 17, 2023.
             Slain by Terence
             ... wielding a +0 mace of holy wrath
              (6 damage)
             ... on level 2 of the Dungeon.
             The game lasted 00:01:33 (512 turns).

PyroL the Digger (Gargoyle Earth Elementalist)       Turns: 512, Time: 00:01:33

Health: -4/19      AC:  6    Str: 11    XL:     3   Next: 62%
Magic:  7/7        EV: 11    Int: 17    God:
Gold:   32         SH:  0    Dex: 10    Spells: 6/7 levels left

rFire   . . .      SeeInvis .    (no weapon)
rCold   . . .      Faith    .    (no shield)
rNeg    + . .      Spirit   .    a - +0 robe
rPois   ∞          Reflect  .    e - +0 helmet
rElec   +          Harm     .    (no cloak)
rCorr   .          Rampage  .    (no gloves)
Will    .....                    (no boots)
Stlth   ++                       (no amulet)
HPRegen 0.23/turn                (no ring)
MPRegen 0.10/turn                (no ring)

@: no status effects
A: sickness immunity, AC +3, negative energy resistance 1, electricity
resistance, torment resistance 1, petrification resistance
a: no special abilities


You were on level 2 of the Dungeon.
You visited 1 branch of the dungeon, and saw 3 of its levels.

You collected 32 gold pieces.

Inventory:

Missiles
 i - 3 poisoned darts
Armour
 a - a +0 robe (worn)
 e - a +0 helmet (worn)
Scrolls
 c - a scroll of amnesia {unknown}
 f - a scroll of teleportation {unknown}
 j - a scroll of vulnerability {unknown}
Potions
 b - a potion of magic
 d - a potion of degeneration {unknown}
 g - a potion of attraction {unknown}
 h - a potion of curing


   Skills:
 - Level 1.5 Dodging
 - Level 2.1 Stealth
 + Level 2.9 Spellcasting
 - Level 0.7 Transmutations
 + Level 4.6 Earth Magic


You had 6 spell levels left.
You knew the following spells:

 Your Spells              Type           Power      Damage    Failure   Level
a - Sandblast             Erth           36%        2d10      2%          1

Your spell library contained the following spells:

 Spells                   Type           Power      Damage    Failure   Level
 Passwall                 Tmut/Erth      9%         N/A       9%          2
 Stone Arrow              Conj/Erth      20%        3d8       21%         3
 Petrify                  Tmut/Erth      11%        N/A       50%         4
 Summon Ice Beast         Ice/Summ       2%         N/A       87%         4
 Summon Lightning Spire   Summ/Air       2%         N/A       87%         4
 Summon Mana Viper        Hex/Summ       2%         N/A       99%         5
 Monstrous Menagerie      Summ           1%         N/A       100%        7
 Storm Form               Tmut/Air       1%         N/A       100%        7
 Maxwell's Capacitive Co  Air            1%         ∞         100%        8


Dungeon Overview and Level Annotations

Branches:
Dungeon (3/15)

Altars:

Annotations:
D:2 Terence


Innate Abilities, Weirdness & Mutations

You are immune to sickness and miasma.
Your stone body is resilient. (AC +3)
You are immune to poison.
You resist negative energy. (rN+)
You are resistant to electric shocks. (rElec)
You are resistant to unholy torment.
You are immune to petrification.


Message History

Terence attacks as you move away! Terence misses you.
The quokka closely misses you. The quokka attacks as you move away!
The quokka barely misses you.
Terence says, "You're history."
Terence shouts, "Get ready for death!"
The quokka bites you but does no damage.
The quokka attacks as you move away! The quokka bites you.
* * * LOW HITPOINT WARNING * * *
The quokka attacks as you move away! The quokka barely misses you.
The quokka attacks as you move away! The quokka bites you.
* * * LOW HITPOINT WARNING * * *
The quokka attacks as you move away!
The quokka bites you but does no damage.
The quokka closely misses you. The quokka attacks as you move away!
The quokka bites you but does no damage.
The quokka closely misses you. The quokka attacks as you move away!
The quokka misses you.
There is a stone staircase leading down here.
The quokka bites you but does no damage.
Terence shouts, "Now you die!"
The quokka bites you but does no damage.
You climb downwards.
Found 4 stones.
Found an escape hatch in the ceiling.
There is a stone staircase leading up here.
The quokka barely misses you.
You climb upwards.
Level annotation: Terence Terence hits you with a +0 mace of holy wrath.
* * * LOW HITPOINT WARNING * * *
There is a stone staircase leading down here.
The quokka attacks as you move away!
The quokka bites you but does no damage.
The quokka bites you but does no damage.
The quokka bites you.
* * * LOW HITPOINT WARNING * * *
The quokka bites you.
* * * LOW HITPOINT WARNING * * *
Terence hits you with a +0 mace of holy wrath.
You die...

### #.[ #.# #.# #.#
#.# #.## #####)#####
#...
#...@.)...#####...
#†#######.........
###############@#
#.#####...
#.............@.#
#@#####...
#.###.....#..>r.#
#...@.....
#.###...#.#.#
#.#####.#. #.#
##.##.#.# ### #... #.#
#.##.#.######### ###.
#.# #.##.#.......#.##
#.
#.####.##.#####.#..$.#
#. #......##.#
#.###.## #.


You could see Terence and a quokka.

Vanquished Creatures
  Jessica (D:2)
  A dart slug (D:2)
  A ball python (D:2)
  5 bats (D:2)
  2 endoplasms (D:2)
  A hobgoblin (D:2)
  3 kobolds (D:2)
  A quokka (D:2)
  A frilled lizard (D:2)
16 creatures vanquished.

Notes
Turn   | Place    | Note
-------+----------+-------------------------------------------
     0 | D:1      | PyroL the Gargoyle Earth Elementalist began the quest for
                  | the Orb.
     0 | D:1      | Reached XP level 1. HP: 10/10 MP: 3/3
     2 | D:1      | You fall into a shaft and drop 1 floor!
   148 | D:2      | Reached XP level 2. HP: 15/15 MP: 3/5
   151 | D:2      | Reached skill level 4 in Earth Magic
   358 | D:2      | Noticed Jessica
   361 | D:2      | Killed Jessica
   362 | D:2      | Reached XP level 3. HP: 19/19 MP: 4/7
   420 | D:2      | Noticed Terence
   512 | D:2      | Slain by Terence

Illustrated notes

Levels and vault maps discovered:
D:1:      amcnicky_arrival_single_pillar, layout_rooms, serial_shops, shop,
          minmay_distorted
D:2:      layout_loops_ring, nrook_loot_triangle, uniq_jessica, uniq_terence
D:3:      layout_rooms, old_standard_altar, mainiacjoe_overflow_alcove_1

Skill      XL: |  1  2 |
---------------+-------+-----
Earth Magic    | 4 |  4.6
Dodging        | |  1.5
Stealth        | |  2.1
Spellcasting   | |  2.9
Transmutations | |  0.7

Action                   || total
-------------------------++-------
Melee: Unarmed           ||     1
 Cast: Sandblast         ||    26
Armor: Robe              ||    16
Dodge: Dodged            ||    17

Table legend: (Time is in decaauts)
 A = Elapsed time spent in this place.
 B = Non-inter-level travel time spent in this place.
 C = Inter-level travel time spent in this place.
 D = Time resting spent in this place.
 E = Time spent auto-exploring this place.
 F = Levels seen in this place.
 G = Mean time per level.
                   A        B        C        D        E       F      G
               +--------+--------+--------+--------+--------+-----+--------+
         Total |    524 |    524 |      0 |      0 |    335 |   3 |  174.7 |
       Dungeon |    524 |    524 |      0 |      0 |    335 |   3 |  174.7 |
               +--------+--------+--------+--------+--------+-----+--------+

Top non-repeatable levels by time:
     D:2: 521 daAuts
     D:1: 2 daAuts
     D:3: 1 daAuts
